 Dungeon Crawl Stone Soup version 0.21.0-3-g78d12a8 (webtiles) character file.

1120 Dfrag the Firebug (level 8, 46/52 HPs)
             Began as a Demonspawn Fire Elementalist on Jan 11, 2018.
             Quit the game on level 5 of the Dungeon.
             The game lasted 00:09:32 (3385 turns).

Dfrag the Firebug (Demonspawn Fire Elementalist)    Turns: 3385, Time: 00:09:33

Health: 46/52      AC: 10    Str:  9    XL:     8   Next: 12%
Magic:  6/16       EV: 12    Int: 23    God:
Gold:   108        SH:  0    Dex: 13    Spells: 9/17 levels left

rFire    . . .     SeeInvis .   u - +2 mace (protect)
rCold    + . .     Gourm    .   (no shield)
rNeg     . . .     Faith    .   a - +0 robe
rPois    .         Spirit   .   (no helmet)
rElec    .         Reflect  .   (no cloak)
rCorr    .         Harm     .   q - +0 pair of gloves
MR       .....                  (no boots)
Stlth    ++........             (no amulet)
HPRegen  0.17/turn              h - ring of protection from cold
MPRegen  0.15/turn              r - +4 ring of intelligence

@: protection aura
A: hooves 1, demonic guardian 1, rot immunity, sanguine armour 1
a: no special abilities


You were on level 5 of the Dungeon.
You were very hungry.

You visited 1 branch of the dungeon, and saw 6 of its levels.

You collected 217 gold pieces.
You spent 109 gold pieces at shops.

Inventory:

Hand Weapons
 u - a +2 mace of protection (weapon)
Armour
 a - a +0 robe (worn)
 q - a +0 pair of gloves (worn)
Jewellery
 h - a ring of protection from cold (left hand)
 r - a +4 ring of intelligence (right hand)
 x - a +3 ring of strength {unknown}
Scrolls
 e - 5 scrolls of identify {unknown}
 i - a scroll of teleportation {unknown}
 j - 5 scrolls of magic mapping {unknown}
 n - 2 scrolls of blinking {unknown}
Potions
 d - 3 potions of curing
 f - a potion of experience {unknown}
 g - a potion of heal wounds {unknown}
 k - a potion of mutation {unknown}
 l - 4 potions of flight {unknown}
 m - 2 potions of berserk rage {unknown}
 o - a potion of agility {unknown}
 p - a potion of might {unknown}
 s - 2 potions of brilliance {unknown}
 t - a potion of invisibility {unknown}
 v - a potion of cancellation {unknown}
Books
 b - a book of Flames

   Spells                             Type                      Level
   a - Flame Tongue                   Conjuration/Fire             1
   b - Throw Flame                    Conjuration/Fire             2
   c - Conjure Flame                  Conjuration/Fire             3
   d - Inner Flame                    Hexes/Fire                   3
   e - Sticky Flame                   Conjuration/Fire             4
   f - Fireball                       Conjuration/Fire             5
Comestibles
 c - 11 rations


   Skills:
 - Level 1.7 Dodging
 - Level 1.7 Stealth
 + Level 5.4 Spellcasting
 + Level 5.5 Conjurations
 + Level 5.7 Fire Magic


You had 9 spell levels left.
You knew the following spells:

 Your Spells              Type           Power        Failure   Level  Hunger
a - Flame Tongue          Conj/Fire      ####.        1%          1    None
b - Conjure Flame         Conj/Fire      ####....     2%          3    ##.....
c - Sticky Flame          Conj/Fire      ####....     9%          4    ####...


Dungeon Overview and Level Annotations

Branches:
Dungeon (6/15)
 Temple: D:4-7

Altars:
Cheibriados
Dithmenos
Fedhas
Gozag
Sif Muna
Yredelemnul

Shops:
D:2 *   D:4 *(:

Annotations:
D:2 2 transporters


Innate Abilities, Weirdness & Mutations

You have large cloven feet.
A weak demonic guardian rushes to your aid.
You are immune to rotting.
When seriously injured, your bleeding wounds create armour. (AC +0)


Message History

Confirm with . or Enter, or press ? or * to list all spells.
You can't see any susceptible monsters within range! (Use Z to cast anyway.) Unknown command.
Casting: Flame Tongue
Confirm with . or Enter, or press ? or * to list all spells.
You can't see any susceptible monsters within range! (Use Z to cast anyway.) Unknown command.
You hit the phantom.
Your weapon exudes an aura of protection.
You kick the phantom.
You destroy the phantom!
Casting: Flame Tongue
Confirm with . or Enter, or press ? or * to list all spells.
You can't see any susceptible monsters within range! (Use Z to cast anyway.) Unknown command.
Casting: Flame Tongue
Confirm with . or Enter, or press ? or * to list all spells.
You can't see any susceptible monsters within range! (Use Z to cast anyway.) Unknown command.
Are you sure you want to abandon this character and quit the game? (Confirm with "yes".)

#....##
#.....##
#......###
#...#.....##
#..####..>.##
..### ###...##
### #รท...###
#####).....#
#......@...#
#.###......#
#.###.##...#
###.##...#...#
#......_......#
#....#...##.#.#
#....##.##
.#..# #.......#
.# .# #........


There were no monsters in sight!

Vanquished Creatures
  Sigmund (D:5)
  Menkaure (D:5)
  A sky beast (D:5)
  2 phantoms
  2 ogres
  A scorpion (D:5)
  A crimson imp (D:6)
  A bullfrog skeleton (D:4)
  An orc priest (D:4)
  An orc wizard (D:4)
  A worker ant (D:3)
  9 adders
  A shadow imp (D:5)
  3 oozes
  An adder skeleton (D:4)
  2 worms
  A dart slug (D:3)
  2 leopard geckos
  6 orcs (D:4)
  A ball python (D:1)
  9 giant cockroaches
  8 goblins
  4 hobgoblins (D:1)
  10 jackals
  4 kobolds
  3 quokkas
  2 bats (D:1)
  7 frilled lizards
  2 jackal skeletons
  A leopard gecko zombie (D:5)
  9 rats
98 creatures vanquished.

Vanquished Creatures (collateral kills)
  A scorpion (D:5)
1 creature vanquished.

Grand Total: 99 creatures vanquished

Notes
Turn   | Place    | Note
-------+----------+-------------------------------------------
     0 | D:1      | Dfrag the Demonspawn Fire Elementalist began the quest for the Orb.
     0 | D:1      | Reached XP level 1. HP: 13/13 MP: 3/3
   175 | D:1      | Gained mutation: When seriously injured, your bleeding wounds create armour. (AC +0) [demonic ancestry]
   175 | D:1      | Reached XP level 2. HP: 8/19 MP: 1/5
   870 | D:2      | Reached XP level 3. HP: 24/24 MP: 2/6
   973 | D:2      | Noticed a black bear
   978 | D:2      | Noticed a bullfrog
   978 | D:2      | Found a transporter.
   978 | D:2      | Found a shadowy altar of Dithmenos.
   989 | D:2      | Noticed a hippogriff
  1096 | D:2      | Found a transporter.
  1152 | D:2      | Gained mutation: You have large cloven feet. [demonic ancestry]
  1152 | D:2      | Reached XP level 4. HP: 7/30 MP: 0/8
  1194 | D:2      | Found Gozag's Platinum Reserve.
  1195 | D:2      | Found an opulent altar of Gozag.
  1879 | D:3      | Found a blossoming altar of Fedhas.
  2121 | D:4      | Noticed an ogre
  2124 | D:4      | Gained mutation: You are immune to rotting. [demonic ancestry]
  2124 | D:4      | Reached XP level 5. HP: 33/35 MP: 5/9
  2135 | D:3      | Learned a level 3 spell: Conjure Flame
  2140 | D:3      | Learned a level 4 spell: Sticky Flame
  2173 | D:3      | Killed an ogre
  2206 | D:4      | Found Teabug's Assorted Antiques.
  2215 | D:4      | Bought a fizzy ruby potion for 20 gold pieces
  2215 | D:4      | Bought 3 scrolls labeled MOONUSSAUMI for 69 gold pieces
  2215 | D:4      | Bought a glowing red potion for 20 gold pieces
  2287 | D:4      | Reached XP level 6. HP: 38/41 MP: 3/11
  2363 | D:4      | Found Gihokk's Distillery.
  2408 | D:4      | Found Nejonn's Book Shoppe.
  2494 | D:4      | Found a basalt altar of Yredelemnul.
  2496 | D:4      | Found Ufyemics's Antique Weapon Boutique.
  2597 | D:4      | Gained mutation: A weak demonic guardian rushes to your aid. [demonic ancestry]
  2597 | D:4      | Reached XP level 7. HP: 17/46 MP: 0/13
  2796 | D:5      | Entered Level 5 of the Dungeon
  2847 | D:5      | Found a snail-covered altar of Cheibriados.
  2961 | D:5      | Found a deep blue altar of Sif Muna.
  2964 | D:5      | Noticed Menkaure
  3080 | D:5      | Noticed Sigmund
  3080 | D:5      | Killed Menkaure
  3080 | D:5      | Reached skill level 5 in Fire Magic
  3101 | D:5      | Reached skill level 5 in Spellcasting
  3101 | D:5      | Reached skill level 5 in Conjurations
  3378 | D:5      | Killed Sigmund
  3378 | D:5      | Reached XP level 8. HP: 44/52 MP: 8/15
  3385 | D:5      | Quit the game

Skill      XL: |  1  2  3  4  5  6  7 |
---------------+----------------------+-----
Fire Magic     | 3 4 5 |  5.7
Conjurations   | 2 3 4 5 |  5.5
Spellcasting   | 3 4 5 |  5.4
Dodging        | |  1.7
Stealth        | |  1.7

Action                   |  1- 3 |  4- 6 |  7- 9 || total
-------------------------+-------+-------+-------++-------
Melee: Unarmed           |    66 |    37 |       ||   103
       Kick              |       |    13 |     5 ||    18
       Mace              |       |    20 |    36 ||    56
 Cast: Flame Tongue      |    51 |    77 |    25 ||   153
       Sticky Flame      |       |     3 |     5 ||     8
  Use: Potion            |     1 |       |       ||     1
 Stab: Sleeping          |     1 |     1 |       ||     2
  Eat: Chunk             |     1 |     5 |     3 ||     9
Armor: Robe              |    37 |    25 |    30 ||    92
Dodge: Dodged            |    68 |    58 |    44 ||   170
